 Dungeon Crawl Stone Soup version 0.18-a0-1575-g920359c (webtiles) character file.

12187 Duffy the Severer (level 11, -1/92 HPs)
             Began as a Minotaur Assassin on Mar 16, 2016.
             Was a High Priest of Cheibriados.
             Slain by an earth elemental (26 damage)
             ... on level 11 of the Dungeon.
             The game lasted 00:12:51 (10752 turns).

Duffy the Severer (Minotaur Assassin)              Turns: 10752, Time: 00:12:51

Health: -1/92      AC: 19    Str: 28    XL:     11   Next: 59%
Magic:  5/15       EV:  8    Int: 21    God:    Cheibriados [*****.]
Gold:   742        SH:  3    Dex: 25    Spells: 0 memorised, 10 levels left

rFire  . . .     SeeInvis .     a - +4 battleaxe
rCold  . . .     Gourm    .     c - +0 plate armour {rPois}
rNeg   . . .     Faith    .     (shield currently unavailable)
rPois  +         Spirit   .     (helmet restricted)
rElec  .         Dismiss  .     l - +1 cloak {+Inv}
rCorr  .         Reflect  +     (no gloves)
SustAt .         Harm     .     S - +1 pair of boots
MR     .....                    N - +3 amulet of reflection
Stlth  ..........               y - -4 ring of strength (curse)
                                i - +2 ring of protection

@: very slow, not resistant to hostile enchantments, extremely unstealthy
A: retaliatory headbutt, horns 2
a: Bend Time, Temporal Distortion, Slouch, Step From Time, Renounce Religion,
Evoke Invisibility


You were on level 11 of the Dungeon.
You worshipped Cheibriados.
Cheibriados was extremely pleased with you.
You were near starving.

You visited 2 branches of the dungeon, and saw 12 of its levels.

You collected 742 gold pieces.


Innate Abilities, Weirdness & Mutations

You reflexively headbutt those who attack you in melee.
You have a pair of horns on your head.


   Skills:
 - Level 7.6 Fighting
   Level 2.2 Short Blades
 + Level 16.5 Axes
 - Level 2.0 Throwing
 - Level 7.2 Armour
 - Level 1.1 Dodging
 - Level 3.2 Stealth
 + Level 7.0 Invocations


You had 10 spell levels left.
You didn't know any spells.

Inventory:

Hand Weapons
 a - a +4 battleaxe (weapon)
 b - a +0 blowgun
 V - a +3 scimitar of flaming
Missiles
 e - 25 poisoned needles
 f - 9 curare-tipped needles
 k - 30 tomahawks (quivered)
 G - a throwing net
 I - 3 exploding tomahawks
Armour
 c - a +0 plate armour of poison resistance (worn)
 l - a +1 cloak of invisibility (worn)
 S - a +1 pair of boots (worn)
Jewellery
 i - a +2 ring of protection (left hand)
 y - a cursed -4 ring of strength (right hand)
 A - an uncursed ring of protection from magic
 C - an uncursed ring of protection from cold
 D - an uncursed ring of protection from magic
 K - an uncursed ring of positive energy
 N - a +3 amulet of reflection (around neck)
 U - an uncursed ring of poison resistance
 Y - the ring of Eqorruf {+Blink rC+ Str+4}

   [ring of protection from cold]

   It affects your strength (+4).
   It protects you from cold.
   It lets you blink.
Wands
 d - a wand of heal wounds (4/9)
 n - a wand of enslavement (12/24)
 M - a wand of random effects (21/48)
 O - a wand of confusion (32/48)
 R - a wand of disintegration (20/24)
Scrolls
 m - a scroll of enchant weapon
 o - a scroll of fear {unknown}
 t - a scroll of magic mapping {unknown}
 u - a scroll of enchant armour
 x - a scroll of recharging
 B - 4 scrolls of teleportation
 E - a scroll of immolation {unknown}
 F - a scroll of vulnerability {unknown}
 H - a scroll of noise {unknown}
 X - a scroll of remove curse {unknown}
Potions
 h - a potion of berserk rage {unknown}
 j - 2 potions of might
 p - 2 potions of flight {unknown}
 q - a potion of agility {unknown}
 r - 4 potions of curing
 v - 3 potions of invisibility {unknown}
 w - 3 potions of heal wounds {unknown}
 L - 2 potions of cancellation {unknown}
 Q - a potion of haste {unknown}
 T - a potion of cure mutation {unknown}
 W - a potion of ambrosia
Comestibles
 g - 8 bread rations
 z - a slice of pizza
 J - 4 meat rations
 P - 3 beef jerkies
 Z - 4 fruits

Dungeon Overview and Level Annotations

Branches:
Dungeon (11/15)            Temple (1/1) D:5
   Lair: D:8-11         Orc: D:9-12

Altars:
Ashenzari
Cheibriados
Dithmenos
Elyvilon
Fedhas
Gozag
Kikubaaqudgha
Makhleb
Nemelex Xobeh
Okawaru
Pakellas
Qazlal
Ru
Sif Muna
Trog
Vehumet
Xom
Yredelemnul
Zin
The Shining One
Beogh

Shops:
D:5 =


Message History

The earth elemental hits you but does no damage.
The earth elemental closely misses you.
You hit the earth elemental. You headbutt the earth elemental.
The earth elemental is almost destroyed.
You hit the earth elemental but do no damage.
The earth elemental is lightly damaged.
You hit the earth elemental but do no damage.
The earth elemental is lightly damaged.
You barely miss the earth elemental.
You headbutt the earth elemental, but do no damage.
The earth elemental is almost destroyed.
You slice the earth elemental!!
The earth elemental is severely damaged.
You hit the earth elemental but do no damage.
The earth elemental is lightly damaged.
The earth elemental hits you!! The earth elemental closely misses you.
You furiously retaliate!
You headbutt the earth elemental, but do no damage.
The earth elemental hits you!!
You are too injured to fight recklessly!
You are too injured to fight recklessly!
You are too injured to fight recklessly!
You can feel time thicken for a moment.
You feel somewhat more hungry.
Cheibriados lowers the support of your attributes as your movement quickens.
The earth elemental hits you!
You fail to use your ability.
The earth elemental barely misses you. You furiously retaliate!
You headbutt the earth elemental! The earth elemental hits you.
You can feel time thicken for a moment.
You destroy the earth elemental!
Cheibriados appreciates the change of pace.
You are near starving!
Cheibriados lowers the support of your attributes as your movement quickens.
The earth elemental hits you!!
You die...

##########
#>......>#
#........#
#........#
#.?.??...#
#...!!...#
#......E.#
#.....E@.#
#<....E.<#
##########


You could see 3 earth elementals.

Action                   |  1- 3 |  4- 6 |  7- 9 | 10-12 || total
-------------------------+-------+-------+-------+-------++-------
Melee: Dagger            |    73 |    54 |       |       ||   127
       War axe           |       |    80 |   287 |    94 ||   461
       Battleaxe         |       |       |       |   124 ||   124
 Fire: Blowgun           |       |     4 |    13 |       ||    17
Invok: Slouch            |       |       |       |     2 ||     2
  Use: Scroll            |       |       |     5 |     6 ||    11
 Stab: Sleeping          |     5 |       |       |       ||     5
  Eat: Chunk             |     1 |     5 |     7 |     5 ||    18

Notes
Turn   | Place    | Note
--------------------------------------------------------------
     0 | D:1      | Duffy the Minotaur Assassin began the quest for the Orb.
     0 | D:1      | Reached XP level 1. HP: 18/18 MP: 0/0
   228 | D:1      | Reached skill level 3 in Fighting
   498 | D:1      | Reached XP level 2. HP: 26/26 MP: 1/1
   836 | D:2      | Reached skill level 4 in Fighting
   900 | D:2      | Reached XP level 3. HP: 33/33 MP: 2/2
  1130 | D:2      | Noticed Terence
  1138 | D:2      | Killed Terence
  1138 | D:2      | Reached skill level 5 in Fighting
  1138 | D:2      | Reached XP level 4. HP: 32/42 MP: 3/3
  1221 | D:2      | Noticed Sigmund
  1239 | D:2      | Killed Sigmund
  1239 | D:2      | Reached skill level 7 in Fighting
  1239 | D:2      | Reached XP level 5. HP: 37/52 MP: 4/4
  1780 | D:3      | Found a deep blue altar of Sif Muna.
  1781 | D:3      | Found a sacrificial altar of Ru.
  1801 | D:3      | Reached XP level 6. HP: 60/60 MP: 5/5
  1809 | D:3      | Found a faded altar to an unknown god.
  2079 | D:4      | Reached skill level 1 in Axes
  2079 | D:4      | Reached skill level 1 in Armour
  2418 | D:4      | Reached skill level 2 in Axes
  2540 | D:4      | Found an ancient bone altar of Kikubaaqudgha.
  2541 | D:4      | Noticed a human
  2544 | D:4      | Killed a human
  2605 | D:4      | Reached skill level 2 in Armour
  2647 | D:4      | Reached skill level 3 in Axes
  2769 | D:4      | Reached skill level 3 in Armour
  2863 | D:5      | Entered Level 5 of the Dungeon
  2877 | D:5      | Found a staircase to the Ecumenical Temple.
  2885 | Temple   | Entered the Ecumenical Temple
  2978 | Temple   | Became a worshipper of Cheibriados the Contemplative
  2993 | D:5      | Reached XP level 7. HP: 66/66 MP: 6/6
  2997 | D:5      | You fall through a shaft!
  3012 | D:6      | Reached skill level 4 in Axes
  3012 | D:6      | Reached skill level 4 in Armour
  3153 | D:6      | Reached skill level 5 in Armour
  3254 | D:5      | Reached skill level 5 in Axes
  3299 | D:5      | Reached * piety under Cheibriados
  3620 | D:5      | Noticed Edmund
  3628 | D:5      | Killed Edmund
  3628 | D:5      | Reached XP level 8. HP: 67/73 MP: 7/7
  3637 | D:5      | Reached skill level 6 in Armour
  3643 | D:5      | Reached skill level 6 in Axes
  3876 | D:5      | Found Kees's Jewellery Boutique.
  4761 | D:6      | Reached skill level 7 in Axes
  4761 | D:6      | Reached skill level 7 in Armour
  4895 | D:6      | Reached ** piety under Cheibriados
  4946 | D:6      | Noticed a hill giant
  4947 | D:6      | Reached skill level 8 in Axes
  4958 | D:6      | Killed a hill giant
  4958 | D:6      | Reached skill level 9 in Axes
  4958 | D:6      | Reached XP level 9. HP: 19/79 MP: 8/8
  5299 | D:6      | Reached skill level 10 in Axes
  5840 | D:7      | Noticed Prince Ribbit
  5851 | D:7      | Killed Prince Ribbit
  5851 | D:7      | Reached skill level 11 in Axes
  5965 | D:7      | Got a bound glass ring
  6086 | D:7      | Reached *** piety under Cheibriados
  6114 | D:7      | Reached skill level 12 in Axes
  6942 | D:8      | Noticed Erica
  6946 | D:8      | Noticed Erolcha
  6956 | D:7      | Killed Erica
  6956 | D:7      | Reached skill level 13 in Axes
  6956 | D:7      | Reached XP level 10. HP: 44/86 MP: 9/9
  7141 | D:7      | Reached skill level 14 in Axes
  7320 | D:7      | Reached **** piety under Cheibriados
  7392 | D:8      | Killed Erolcha
  7631 | D:8      | Reached skill level 15 in Axes
  7636 | D:8      | Reached skill level 1 in Invocations
  7919 | D:8      | Reached skill level 2 in Invocations
  8108 | D:8      | Identified the ring of Eqorruf {+Blink rC+ Str+4} (You took it off an orc on level 7 of the Dungeon)
  8261 | D:9      | Found a roughly hewn altar of Beogh.
  8269 | D:9      | Reached ***** piety under Cheibriados
  8277 | D:9      | Reached skill level 3 in Invocations
  8623 | D:9      | Noticed Psyche
  8631 | D:9      | Killed Psyche
  8631 | D:9      | Reached skill level 4 in Invocations
  8759 | D:9      | Reached XP level 11. HP: 92/92 MP: 13/13
  8793 | D:9      | Noticed Maurice
  8801 | D:9      | Killed Maurice
  9029 | D:9      | Reached skill level 5 in Invocations
  9237 | D:10     | Entered Level 10 of the Dungeon
  9450 | D:10     | Reached skill level 16 in Axes
  9462 | D:10     | Killed an unseen horror
  9462 | D:10     | Reached skill level 6 in Invocations
  9724 | D:10     | Noticed a death knight
  9740 | D:10     | Killed a death knight
 10145 | D:10     | Reached ****** piety under Cheibriados
 10262 | D:10     | Noticed a hill giant
 10268 | D:10     | Killed a hill giant
 10622 | D:10     | Noticed a hill giant
 10627 | D:10     | Killed a hill giant
 10627 | D:10     | Reached skill level 7 in Invocations
 10752 | D:11     | Slain by an earth elemental

Vault maps used:
D:1:      minmay_arrival_four_loops, kennysheep_crisscross
D:2:      first_bread, uniq_sigmund, uniq_terence
D:3:      gammafunk_temple_overflow_statue, serial_glass, glass_columns_b,
          glass_columns_a, ecumenical_altar_1
D:4:      grunt_decor_fettered, tgw_kikubaaqudgha
D:5:      minmay_temple_entry_glassed_door, serial_shops, shop_fountains,
          uniq_edmund
D:7:      uniq_prince_ribbit1
D:8:      uniq_erica, uniq_erolcha
D:9:      uniq_psyche, uniq_maurice
D:11:     minmay_stone_box, erik_lair_island, uniq_grum
Temple:   grunt_circular_temple_18

Vanquished Creatures
  Erica Erolcha
  A death knight
  An unseen horror
  3 hill giants Maurice Psyche
  A troll
  A two-headed ogre Prince Ribbit Sigmund
  9 yaks
  A wraith
  A hippogriff Edmund
  A water moccasin
  9 orc warriors
  2 ice beasts
  2 black bears
  A sky beast
  4 phantoms
  3 ogres
  A human
  A crocodile
  4 centaurs
  2 giant frogs
  An earth elemental
  2 scorpions
  11 killer bees
  5 wights
  A crimson imp
  3 giant frog zombies
  A wasp zombie
  A quasit
  6 orc priests
  6 hounds
  11 orc wizards
  4 jellies
  3 centaur skeletons
  4 giant frog skeletons Terence
  4 iguanas
  5 worker ants
  2 hound zombies
  A hound skeleton
  A worker ant zombie
  15 adders
  8 gnolls
  4 shadow imps
  An ooze
  An adder zombie
  An adder skeleton
  2 worms
  3 dart slugs
  A giant gecko
  65 orcs
  2 ball pythons
  3 giant cockroaches
  6 goblins
  4 hobgoblins
  9 jackals
  4 quokkas
  6 bats
  3 giant newts
  6 kobolds
  A quokka zombie
  8 rats
281 creatures vanquished.
